 Dungeon Crawl Stone Soup version 0.22-a0-248-gc8378ba (webtiles) character file.

284 JeffiDaFish the Conjurer (level 6, -6/45 HPs)
             Began as a Draconian Conjurer on Feb 28, 2018.
             Mangled by porpoise's ghost (13 damage)
             ... on level 4 of the Dungeon on Mar 1, 2018.
             The game lasted 00:18:35 (4342 turns).

JeffiDaFish the Conjurer (Draconian Conjurer)       Turns: 4342, Time: 00:18:36

Health: -6/45      AC:  7    Str: 11    XL:     6   Next: 7%
Magic:  1/12       EV: 12    Int: 17    God:
Gold:   65         SH:  0    Dex: 11    Spells: 3/13 levels left

rFire    . . .     SeeInvis .   e - +3 dagger (drain)
rCold    + . .     Gourm    .   (no shield)
rNeg     . . .     Faith    .   (armour unavailable)
rPois    .         Spirit   .   (helmet restricted)
rElec    .         Reflect  .   (no cloak)
rCorr    .         Harm     .   b - +0 pair of gloves
MR       .....                  (no boots)
Stlth    ++........             (no amulet)
HPRegen  0.15/turn              f - ring of protection from cold
MPRegen  0.13/turn              (no ring)

@: no status effects
A: unfitting armour, cold-blooded, AC +6
a: no special abilities


You were on level 4 of the Dungeon.
You were very hungry.

You visited 1 branch of the dungeon, and saw 4 of its levels.
You also visited: Sewer.

You collected 65 gold pieces.

Inventory:

Hand Weapons
 e - a +3 dagger of draining (weapon)
Armour
 b - a +0 pair of gloves (worn)
Jewellery
 f - a ring of protection from cold (left hand)
Scrolls
 d - 4 scrolls of identify
 h - 2 scrolls of teleportation
Potions
 g - 2 potions of haste
 i - a potion of might
 j - a potion of curing
Comestibles
 a - 8 rations


   Skills:
 - Level 1.7 Dodging
 - Level 2.0 Stealth
 + Level 4.2 Spellcasting
 + Level 5.9 Conjurations


You had 3 spell levels left.
You knew the following spells:

 Your Spells              Type           Power        Failure   Level  Hunger
a - Magic Dart            Conj           ###.         1%          1    None
b - Searing Ray           Conj           ###...       1%          2    ##.....
c - Dazzling Spray        Conj/Hex       ##....       14%         3    ###....
d - Iskenderun's Mystic   Conj           ###.....     13%         4    ####...


Dungeon Overview and Level Annotations

Branches:
Dungeon (4/15)
 Temple: D:4-7

Altars:
Makhleb

Annotations:
D:4 porpoise's ghost, amateur DsGl


Innate Abilities, Weirdness & Mutations

Your plain brown scales are hard. (AC +6)
You cannot fit into any form of body armour.
You are cold-blooded and may be slowed by cold attacks.


Message History

Porpoise's ghost hits you!
* * * LOW HITPOINT WARNING * * *
Casting: Searing Ray (safe; 1% risk of failure)
Confirm with . or Enter, or press ? or * to list all spells.
Aiming: Searing Ray (safe; 1% risk of failure)
Press: ? - help, Shift-Dir - straight line, f/p - porpoise's ghost
Aim: porpoise's ghost (moderately damaged)
The searing ray hits porpoise's ghost.
Porpoise's ghost is moderately damaged. (Press . to maintain the ray.) Porpoise's ghost hits you but does no damage.
Casting: Searing Ray (safe; 1% risk of failure)
Confirm with . or Enter, or press ? or * to list all spells.
Aiming: Magic Dart (safe; 1% risk of failure)
Press: ? - help, Shift-Dir - straight line, f/p - porpoise's ghost
Aim: porpoise's ghost (moderately damaged)
The magic dart hits porpoise's ghost.
Porpoise's ghost is moderately damaged.
Porpoise's ghost hits you!
You die...

## ## ###⌠#§###
##§§§§§≈≈##
#⌠≈.§§..≈⌠#
##§.§_..≈##
#⌠≈..@..≈⌠#
##≈≈≈W≈≈≈#########
#≈####'####§§......
#≈§≈≈≈.≈≈≈≈≈.......
######.##..........
#.............
####..........
#......[...
#..........


You could see porpoise's ghost.

Vanquished Creatures
  An orc wizard (D:4)
  14 adders
  3 river rats (D:3)
  An ooze (D:2)
  5 worms
  2 dart slugs
  4 orcs (D:3)
  5 bats
  4 giant cockroaches
  7 goblins
  5 hobgoblins
  7 jackals
  A quokka (D:3)
  10 frilled lizards
  11 kobolds
  10 rats
90 creatures vanquished.

Vanquished Creatures (others)
  A plant (Sewer)
1 creature vanquished.

Grand Total: 91 creatures vanquished

Notes
Turn   | Place    | Note
-------+----------+-------------------------------------------
     0 | D:1      | JeffiDaFish the Draconian Conjurer began the quest for the Orb.
     0 | D:1      | Reached XP level 1. HP: 14/14 MP: 3/3
   536 | D:1      | Reached XP level 2. HP: 20/20 MP: 5/5
  1260 | D:2      | Reached XP level 3. HP: 26/26 MP: 6/6
  1405 | D:2      | Learned a level 2 spell: Searing Ray
  1418 | D:2      | Reached XP level 4. HP: 30/33 MP: 0/8
  1600 | D:2      | Reached skill level 5 in Conjurations
  2516 | D:3      | Reached XP level 5. HP: 25/38 MP: 1/10
  2523 | D:3      | Found a glowing drain.
  2551 | Sewer    | Entered a sewer
  3060 | Sewer    | Learned a level 3 spell: Dazzling Spray
  3065 | Sewer    | Learned a level 4 spell: Iskenderun's Mystic Blast
  3667 | D:4      | Reached XP level 6. HP: 37/45 MP: 8/12
  3669 | D:4      | Noticed porpoise's ghost (amateur DsGl)
  4331 | D:4      | Found a burning altar of Makhleb.
  4342 | D:4      | Mangled by porpoise's ghost

Vault maps used:
D:1:      erik_arrival_cave_to_civilisation, bh_walls_and_bars
D:2:      first_ration
D:3:      lemuel_upstairs_altar, lightli_sewer_entry_pipes
D:4:      lightli_temple_of_fire, guppyfry_shop_venom
Sewer:    sewer_co_scattered_pipes

Skill      XL: |  1  2  3  4  5 |
---------------+----------------+-----
Stealth        | 2 |  2.0
Spellcasting   | 3 4 |  4.2
Conjurations   | 5 |  5.9
Dodging        | |  1.7

Action                   |  1- 3 |  4- 6 || total
-------------------------+-------+-------++-------
Melee: Unarmed           |    21 |       ||    21
       Dagger            |    41 |   103 ||   144
       Tailslap          |     1 |     5 ||     6
 Cast: Magic Dart        |    28 |    53 ||    81
       Searing Ray       |     1 |    16 ||    17
       Iskenderun's Myst |       |     4 ||     4
  Use: Scroll            |     6 |     2 ||     8
       Potion            |     2 |     3 ||     5
 Stab: Sleeping          |     5 |     1 ||     6
  Eat: Chunk             |     2 |    10 ||    12
Armor: Skin              |    16 |    49 ||    65
Dodge: Dodged            |    33 |   106 ||   139

Table legend:
 A = Spawn XP
 B = Non-spawn XP
 C = Spawn XP percentage of total XP
 D = Spawn monster count
 E = Non-spawn monster count
 F = Spawn count percentage of total count
 G = Total turns spent on level
                    A         B        C        D         E        F      G
               +---------+---------+-------+---------+---------+-------+---------
         Total |       0 |     406 |   0.0 |       0 |      90 |   0.0 |  4342
               +---------+---------+-------+---------+---------+-------+---------
           D:1 |       0 |      20 |   0.0 |       0 |      12 |   0.0 |  1143
           D:2 |       0 |     101 |   0.0 |       0 |      28 |   0.0 |  1079
           D:3 |       0 |     146 |   0.0 |       0 |      30 |   0.0 |  1246
           D:4 |       0 |      40 |   0.0 |       0 |       1 |   0.0 |    35
         Sewer |       0 |      99 |   0.0 |       0 |      19 |   0.0 |   839
               +---------+---------+-------+---------+---------+-------+---------
